 Dungeon Crawl Stone Soup version 0.18.1-8-gdd0e5ea (webtiles) character file.

127 Rkyn the Shield-Bearer (level 5, -1/46 HPs)
             Began as a Hill Orc Fighter on May 31, 2016.
             Killed from afar by a white imp (11 damage)
             ... with a puff of frost
             ... summoned by Natasha
             ... on level 3 of the Dungeon.
             The game lasted 00:08:17 (1332 turns).

Rkyn the Shield-Bearer (Hill Orc Fighter)           Turns: 1332, Time: 00:08:20

Health: -1/46      AC:  7    Str: 20    XL:     5   Next: 11%
Magic:  5/5        EV:  8    Int:  8    God:
Gold:   45         SH:  9    Dex: 10    Spells: 0 memorised, 4 levels left

rFire  + . .     SeeInvis .     a - +0 long sword
rCold  . . .     Gourm    .     b - +0 scale mail
rNeg   . . .     Faith    .     c - +0 shield
rPois  .         Spirit   .     (no helmet)
rElec  .         Dismiss  .     (no cloak)
rCorr  .         Reflect  .     (no gloves)
SustAt .         Harm     .     (no boots)
MR     .....                    (no amulet)
Stlth  ..........               j - ring of fire
                                e - ring of protection from cold

@: not resistant to hostile enchantments, extremely unstealthy
A: no striking features
a: no special abilities


You were on level 3 of the Dungeon.
You were full.

You visited 1 branch of the dungeon, and saw 3 of its levels.

You collected 45 gold pieces.

Inventory:

Hand Weapons
 a - a +0 long sword (weapon)
Armour
 b - a +0 scale mail (worn)
 c - a +0 shield (worn)
 s - a +0 pair of gloves
Jewellery
 e - a ring of protection from cold (left hand)
 j - a ring of fire (right hand)
Scrolls
 h - 2 scrolls of random uselessness {unknown}
 i - 2 scrolls of magic mapping {unknown}
 k - 2 scrolls of fog {unknown}
 l - 3 scrolls of identify {unknown}
 m - a scroll of enchant weapon {unknown}
 q - a scroll of enchant armour {unknown}
 r - a scroll of teleportation {unknown}
Potions
 d - a potion of might
 n - a potion of berserk rage {unknown}
 o - a potion of lignification {unknown}
 p - a potion of flight {unknown}
Comestibles
 f - a bread ration
 g - a beef jerky


   Skills:
 + Level 4.1 Fighting
 + Level 2.6 Long Blades
 + Level 4.2 Armour
 + Level 1.6 Dodging
 + Level 4.2 Shields


You had 4 spell levels left.
You didn't know any spells.

Dungeon Overview and Level Annotations

Branches:
Dungeon (3/15)

Altars:
Gozag
Yredelemnul

Annotations:
D:3 Natasha


Message History

You hear some strange, mumbled words.
You slash the rat!
You kill the rat!
The white imp gestures at you. You block the puff of frost.
Something completely misses you.
You hear some strange, mumbled words.
The white imp gestures at you. The puff of frost hits you!
Found a leather armour.
Something claws you. The white imp gestures at you. The puff of frost hits you!
* * * LOW HITPOINT WARNING * * *
You slash the white imp!
The white imp is severely wounded.
You hear some strange, mumbled words.
Something tries to affect you, but you resist.
The white imp gestures at you. The puff of frost hits you!
You die...

................#
................#
................#
########........# #
#........# ..
########........#
...#...............#
[......5...........#
.#...@.5.........####
#..................##
#...†...##.####.###..
#.$.....##.# #..##..
#.......##.. #..#...
#.......≈≈... ...≈≈..
#!.....≈≈≈≈ ...≈≈≈..
#.....≈≈≈≈≈≈.....≈...
#......≈≈≈≈≈≈........


You could see 2 white imps.

Vanquished Creatures
  Natasha (D:3)
  3 adders (D:2)
  3 oozes (D:1)
  2 worms (D:2)
  2 giant geckos (D:1)
  A giant cockroach (D:1)
  7 hobgoblins
  6 jackals
  8 bats
  A giant newt (D:1)
  7 goblins
  10 kobolds
  4 rats
55 creatures vanquished.

Notes
Turn   | Place    | Note
--------------------------------------------------------------
     0 | D:1      | Rkyn the Hill Orc Fighter began the quest for the Orb.
     0 | D:1      | Reached XP level 1. HP: 19/19 MP: 1/1
    92 | D:1      | Reached XP level 2. HP: 24/27 MP: 2/2
   364 | D:1      | Reached XP level 3. HP: 30/33 MP: 3/3
   604 | D:2      | Found an opulent altar of Gozag.
   646 | D:2      | Reached skill level 1 in Dodging
   646 | D:2      | Reached XP level 4. HP: 29/40 MP: 4/4
   734 | D:2      | Found a basalt altar of Yredelemnul.
  1276 | D:3      | Noticed Natasha
  1285 | D:3      | Killed Natasha
  1285 | D:3      | Reached XP level 5. HP: 30/46 MP: 5/5
  1320 | D:3      | Noticed Natasha
  1332 | D:3      | Killed from afar by a white imp

Skill      XL: |  1  2  3  4 |
---------------+-------------+-----
Shields        | 4 |  4.2
Dodging        | 1 |  1.6
Armour         | 4 |  4.2
Fighting       | 4 |  4.1
Long Blades    | |  2.6

Action                   |  1- 3 |  4- 6 || total
-------------------------+-------+-------++-------
Melee: Long sword        |    88 |   114 ||   202
  Eat: Fruit             |       |     4 ||     4
       Bread ration      |       |     1 ||     1
Armor: Scale mail        |    52 |    59 ||   111
Dodge: Dodged            |    29 |    36 ||    65
Block: Shield            |    57 |    67 ||   124
